 Dungeon Crawl Stone Soup version 0.27-a0-1180-g7fc4abc71e (webtiles) character file.

Game seed: 2949354728431270785

1713 DasRunzen the Ducker (level 8, -2/58 (67) HPs)
             Began as a Demigod Gladiator on May 17, 2021.
             Killed from afar by a gargoyle (8 damage)
             ... with a stone arrow
             ... on level 6 of the Dungeon.
             The game lasted 00:12:07 (6047 turns).

DasRunzen the Ducker (Demigod Gladiator)            Turns: 6047, Time: 00:12:07

HP:   -2/58 (67)    AC:  5    Str: 15    XL:     8   Next: 46%
MP:   5/5           EV: 13    Int: 18    God:
Gold: 337           SH:  0    Dex: 15    Spells: 9/14 levels left

rFire    . . .     SeeInvis +   i - +9 hand axe of Magnificence {antimagic, rElec rCorr}
rCold    . . .     Faith    .   (no shield)
rNeg     . . .     Spirit   .   b - +0 leather armour
rPois    .         Reflect  .   c - +1 helmet
rElec    +         Harm     .   (no cloak)
rCorr    +         Rampage  .   (no gloves)
Will     .....                  (no boots)
Stlth    ++........             (no amulet)
HPRegen  0.19/turn              o - ring "Awojulouwa" {rCorr SInv Stlth+}
MPRegen  0.09/turn              (no ring)

@: heavily drained
A: high mp 1, forlorn
a: no special abilities


You were on level 6 of the Dungeon.
You visited 1 branch of the dungeon, and saw 6 of its levels.

You collected 337 gold pieces.

Inventory:

Hand Weapons
 a - a +2 long sword of electrocution
 i - the +9 hand axe of Magnificence (weapon) {antimagic, rElec rCorr}
   (You found it on level 4 of the Dungeon)

   It reduces the magical energy of the wielder, and disrupts the spells and
   magical abilities of those hit.
   Natural abilities and divine invocations are not affected.
   It insulates you from electricity.
   It protects you from acid and corrosion.
Missiles
 d - 3 throwing nets (quivered)
 f - 17 poisoned darts
Armour
 b - a +0 leather armour (worn)
 c - a +1 helmet (worn)
Jewellery
 o - the ring "Awojulouwa" (left hand) {rCorr SInv Stlth+}
   (You acquired it on level 5 of the Dungeon)

   [ring of resist corrosion]

   It lets you see invisible.
   It protects you from acid and corrosion.
   It makes you more stealthy.
Wands
 l - a wand of iceblast (3)
 s - a wand of polymorph (2)
Scrolls
 g - 2 scrolls of amnesia
 h - 2 scrolls of summoning
 j - 2 scrolls of identify
 m - a scroll of teleportation
 p - a scroll of fear
Potions
 e - a potion of resistance
 k - a potion of curing
 n - a potion of might {unknown}
 q - a potion of cancellation {unknown}
 r - a potion of flight {unknown}


   Skills:
 + Level 4.4 Fighting
 - Level 3.6 Long Blades
 + Level 3.1 Axes
 - Level 1.7 Throwing
 + Level 4.0 Armour
 + Level 5.0 Dodging
 + Level 3.5 Spellcasting
 + Level 3.8 Necromancy


You had 9 spell levels left.
You knew the following spells:

 Your Spells              Type           Power      Damage    Failure   Level
a - Pain                  Necr           64%        1d7       4%          1
b - Vampiric Draining     Necr           8%         2d7       12%         3
c - Animate Skeleton      Necr           32%        N/A       4%          1

Your spell library contained the following spells:

 Spells                   Type           Power      Damage    Failure   Level
 Magic Dart               Conj           12%        1d3       19%         1
 Searing Ray              Conj           6%         3d3       28%         2
 Animate Dead             Necr           8%         N/A       36%         4
 Dazzling Flash           Conj/Hex       6%         N/A       50%         3
 Agony                    Necr           16%        N/A       73%         5
 Fulminant Prism          Conj/Hex       1%         3d6       88%         4
 Iskenderun's Mystic Bla  Conj/Tloc      3%         2d3       88%         4


Dungeon Overview and Level Annotations

Branches:
Dungeon (6/15)             Temple (0/1) D:4


Innate Abilities, Weirdness & Mutations

Your attributes grow dramatically as you level up.
You have an increased reservoir of magic. (+10% MP)
You shall have no god before yourself.


Message History

Press: ? - help, Shift-Dir - straight line, f - gargoyle
Aim: a gargoyle, wielding a +2 flail of draining (not susceptible)
The gargoyle is unaffected.
Aiming: Iceblast
Press: ? - help, Shift-Dir - straight line, f/p - gargoyle
Aim: a gargoyle, wielding a +2 flail of draining The mass of ice explodes!
The iceblast engulfs the gargoyle.
The gargoyle is moderately damaged.
A killer bee zombie comes into view.
Aiming: Iceblast
Press: ? - help, Shift-Dir - straight line, f/p - gargoyle
Aim: a gargoyle, wielding a +2 flail of draining (moderately damaged)
The mass of ice explodes!
The iceblast engulfs the gargoyle but does no damage.
The gargoyle is moderately damaged.
Unknown command.
You barely miss the gargoyle.
The gargoyle is moderately damaged.
The gargoyle hits you with a +2 flail of draining!!
You feel drained.
Unknown command.
You hit the gargoyle but do no damage.
The gargoyle is moderately damaged.
The gargoyle completely misses you.
The gargoyle hits you with a +2 flail of draining.
You feel drained.
Unknown command.
You completely miss the gargoyle.
The gargoyle is moderately damaged.
The gargoyle hits you with a +2 flail of draining.
You feel drained.
You closely miss the gargoyle.
The gargoyle is moderately damaged.
The gargoyle hits you with a +2 flail of draining!!
* * * LOW HITPOINT WARNING * * *
You feel drained.
* * * LOW HITPOINT WARNING * * *
The gargoyle hurls a stone arrow at you.
The stone arrow hits you!
You die...

......### #....)....#
........# #..........
........# #..........
........# # ##...†.....
........####.##.........
.......Z##....#.........
#9##.............#
#.......#......#.#
#@###.###......#.#
#..##.# #.######.#
##.##.###.######.#
########.....##.#......#
#......'.....##.#.######
#.######.)...##.#.# #.#
#..)..##.#.# #.#
#..)..##.#.#
#.########.####...#


You could see a gargoyle and a killer bee zombie.

Vanquished Creatures
  A sky beast (D:6)
  A black bear (D:6)
  2 ogres
  2 necrophages
  A centaur (D:5)
  2 phantoms (D:3)
  A gnoll sergeant (D:4)
  6 scorpions
  A howler monkey (D:5)
  A bullfrog zombie (D:5)
  An orc priest (D:6)
  3 hounds
  4 iguanas
  3 orc wizards
  4 gnolls
  7 adders
  5 dart slugs
  5 orcs
  6 ball pythons
  5 bats
  7 endoplasms
  2 giant cockroaches (D:2)
  9 goblins
  6 hobgoblins
  6 jackals
  7 kobolds
  5 quokkas
  7 frilled lizards
  5 rats
115 creatures vanquished.

Notes
Turn   | Place    | Note
-------+----------+-------------------------------------------
     0 | D:1      | DasRunzen the Demigod Gladiator began the quest for the
                  | Orb.
     0 | D:1      | Reached XP level 1. HP: 17/17 MP: 3/3
   135 | D:1      | Reached XP level 2. HP: 9/24 MP: 4/4
   450 | D:1      | Learned a level 1 spell: Pain
   480 | D:1      | Reached skill level 1 in Armour
   853 | D:2      | Reached skill level 3 in Dodging
   853 | D:2      | Reached XP level 3. HP: 27/29 MP: 6/6
  1178 | D:2      | Reached XP level 4. HP: 31/36 MP: 7/7
  1529 | D:3      | Reached skill level 1 in Necromancy
  1531 | D:3      | Reached skill level 1 in Spellcasting
  1700 | D:3      | Noticed a phantom
  1716 | D:3      | Killed a phantom
  1717 | D:3      | Reached XP level 5. HP: 20/42 MP: 9/9
  2657 | D:4      | Reached XP level 6. HP: 36/50 MP: 11/11
  2787 | D:4      | Identified the +9 hand axe of Magnificence {antimagic,
                  | rElec rCorr}
  3397 | D:4      | Reached skill level 1 in Axes
  3400 | D:4      | Reached skill level 4 in Dodging
  3400 | D:4      | Reached XP level 7. HP: 26/57 MP: 4/13
  3691 | D:4      | Found a staircase to the Ecumenical Temple.
  3838 | D:5      | Entered Level 5 of the Dungeon
  4357 | D:5      | Learned a level 3 spell: Vampiric Draining
  4359 | D:5      | Learned a level 1 spell: Animate Skeleton
  5071 | D:5      | Reached XP level 8. HP: 66/66 MP: 5/15
  5370 | D:5      | Noticed a kobold demonologist
  5371 | D:5      | Noticed a troll
  5586 | D:5      | Identified a scroll of acquirement
  5586 | D:5      | Acquired the ring "Awojulouwa" {rCorr SInv Stlth+}
  5594 | D:6      | Noticed a +0 dagger
  5900 | D:6      | Reached skill level 5 in Dodging
  6037 | D:6      | Noticed a gargoyle
  6047 | D:6      | Killed from afar by a gargoyle

Illustrated notes

Levels and vault maps discovered:
D:1:      nagdon_arrival_double_spiral, layout_rooms,
          hellmonk_ecumenical_altar_pennies_from_heaven, lemuel_another_geyser
D:2:      layout_rooms
D:3:      layout_basic, trog_three_pillars_becter, kennysheep_slug_shrine,
          bh_walls_and_bars
D:4:      layout_gridville, amcnicky_altar_gilded, temple_fountains
D:5:      layout_basic, lightli_corner_chamber
D:6:      layout_basic, dancing_weapons_uskayaw, grunt_temple_overflow_open,
          uniq_menkaure

Skill      XL: |  1  2  3  4  5  6  7  8 |
---------------+-------------------------+-----
Fighting       | 2 3 4 |  4.4
Armour         | 1 2 3 4 |  4.0
Long Blades    | 3 |  3.6
Dodging        | 3 4 5 |  5.0
Necromancy     | 1 2 3 |  3.8
Spellcasting   | 1 2 3 |  3.5
Axes           | 1 2 3 |  3.1
Throwing       | |  1.7

Action                   |  1- 3 |  4- 6 |  7- 9 || total
-------------------------+-------+-------+-------++-------
Melee: Long sword        |   108 |    69 |       ||   177
       Hand axe          |       |    58 |   140 ||   198
Evoke: Wand              |       |       |     3 ||     3
  Use: Scroll            |     3 |     8 |     4 ||    15
 Stab: Sleeping          |     1 |     1 |     1 ||     3
Armor: Leather armour    |    58 |    43 |    45 ||   146
Dodge: Dodged            |    90 |    85 |   107 ||   282
       Rpst.: Long sword |    25 |    16 |       ||    41

Table legend: (Time is in decaauts)
 A = Elapsed time spent in this place.
 B = Non-inter-level travel time spent in this place.
 C = Inter-level travel time spent in this place.
 D = Time resting spent in this place.
 E = Time spent auto-exploring this place.
 F = Levels seen in this place.
 G = Mean time per level.
                   A        B        C        D        E       F      G
               +--------+--------+--------+--------+--------+-----+--------+
         Total |   6140 |   6006 |    134 |   1624 |   3463 |   6 | 1023.3 |
       Dungeon |   6140 |   6006 |    134 |   1624 |   3463 |   6 | 1023.3 |
               +--------+--------+--------+--------+--------+-----+--------+

Top non-repeatable levels by time:
     D:4: 1601 daAuts
     D:5: 1535 daAuts
     D:3: 1140 daAuts
     D:1: 811 daAuts
     D:2: 733 daAuts
     D:6: 317 daAuts
